 Dungeon Crawl Stone Soup version 0.18-a0-317-g1421722 (webtiles) character file.

4653 HenryFlower the Grappler (level 10, -7/132 HPs)
             Began as a Troll Berserker on Nov 27, 2015.
             Was a High Priest of Trog.
             Mangled by a six-headed hydra (13 damage)
             ... on level 8 of the Dungeon.
             The game lasted 00:13:22 (4824 turns).

HenryFlower the Grappler (Troll Berserker)          Turns: 4824, Time: 00:13:22

Health: -7/132     AC:  6    Str: 32    XL:     10   Next: 20%
Magic:  9/9        EV: 15    Int:  4    God:    Trog [*****.]
Gold:   364        SH:  0    Dex: 11    Spells: 0 memorised, 9 levels left

rFire  . . .     SeeInvis .       - Unarmed
rCold  . . .     Clarity  .     a - +0 animal skin
rNeg   . . .     SustAt   .     (no shield)
rPois  .         Gourm    +     (helmet restricted)
rElec  .         Spirit   .     z - +0 cloak
rCorr  .         Warding  .     (gloves unavailable)
rMut   .         Stasis   .     (boots unavailable)
MR     .....                    (no amulet)
Stlth  ..........               u - +4 ring of evasion
                                B - +1 ring of evasion

@: berserking, very quick, not resistant to hostile enchantments, extremely
unstealthy
A: unfitting armour, claws 3, fast metabolism 3, gourmand, regeneration 2,
shaggy fur 1, tough skin 2
a: Berserk, Trog's Hand, Brothers in Arms, Burn Spellbooks, Renounce Religion


You were on level 8 of the Dungeon.
You worshipped Trog.
Trog was extremely pleased with you.
You were very full.

You visited 1 branch of the dungeon, and saw 7 of its levels.

You collected 364 gold pieces.

Inventory:

Hand Weapons
 F - a +0 blowgun
Missiles
 A - 4 tomahawks
 E - 7 javelins of penetration
 G - 11 poisoned needles
 H - 5 javelins of returning (quivered)
Armour
 a - a +0 animal skin (worn)
 z - a +0 cloak (worn)
Jewellery
 t - an uncursed ring of protection from cold
 u - a +4 ring of evasion (right claw)
 B - a +1 ring of evasion (left claw)
Scrolls
 d - 2 scrolls of blinking {unknown}
 e - 2 scrolls of teleportation {unknown}
 f - a scroll of fog {unknown}
 i - 4 scrolls of amnesia {unknown}
 j - 2 scrolls of remove curse {unknown}
 k - a scroll of recharging {unknown}
 l - a scroll of enchant armour {unknown}
 n - 2 scrolls of random uselessness {unknown}
 p - 4 scrolls of magic mapping {unknown}
 y - 2 scrolls of enchant weapon {unknown}
Potions
 g - a potion of might
 m - 2 potions of flight
 o - 2 potions of agility
 q - a potion of curing
 r - a potion of berserk rage
 v - a potion of lignification {unknown}
 D - a potion of degeneration {unknown}
 I - a potion of poison {unknown}
Miscellaneous
 C - a plain deck of wonders
Comestibles
 b - 6 bread rations
 c - a beef jerky
 s - 2 meat rations
 w - 14 fruits
 x - 3 chunks of flesh
 J - 6 slices of pizza


   Skills:
 - Level 2.4 Fighting
 + Level 7.8 Throwing
 - Level 2.4 Dodging
 * Level 12.3 Unarmed Combat


You had 9 spell levels left.
You didn't know any spells.

Dungeon Overview and Level Annotations

Branches:
Dungeon (8/15)               Lair (0/8) D:8
 Temple: D:4-7

Altars:
Ashenzari
Gozag
Makhleb
Nemelex Xobeh
Qazlal
Sif Muna
Vehumet
Xom
Zin
The Shining One

Shops:
D:8 *


Innate Abilities, Weirdness & Mutations

You are too large for most types of armour.
You have claws for hands.
Your metabolism is lightning-fast.
You like to eat raw meat.
You heal very quickly.
You are covered in fur (AC +1).
You have very tough skin (AC +2).


Message History

The five-headed hydra bites you!
* * * LOW HITPOINT WARNING * * *
The five-headed hydra bites you but does no damage.
The five-headed hydra bites you.
* * * LOW HITPOINT WARNING * * *
You barely miss the five-headed hydra.
The five-headed hydra is heavily wounded.
You claw one of the five-headed hydra's heads off!
The four-headed hydra grows two more!
You mangle the six-headed hydra!!
The six-headed hydra is severely wounded.
The six-headed hydra misses you. The six-headed hydra bites you.
* * * LOW HITPOINT WARNING * * *
The six-headed hydra bites you.
* * * LOW HITPOINT WARNING * * *
The six-headed hydra bites you.
* * * LOW HITPOINT WARNING * * *
The six-headed hydra bites you!
* * * LOW HITPOINT WARNING * * *
The six-headed hydra bites you!
You die...

#############............
#..............##########
#.###########.##### ##
#.# #.....######. #÷#
#####....##..
#.########## ####..#..
#†#.....#..# ##...#
#.#≈....'..# #.#..
#.#...P.@..####### #.##.
#.)≈....D..#.....# #.##.
###.....#..#.....####.##.
#≈.P≈P##'#...........#.
#P≈≈≈≈#.%#.....#####...
#PP≈P.+).#######.....<.
########## #.........
##########


You could see a six-headed hydra.

Vanquished Creatures
  The ghost of kylecrane the Cruncher, a novice GrGl of Okawaru (D:8)
  Pikel (D:5)
  An elephant (D:8)
  3 yaks (D:8)
  Menkaure (D:5)
  A wyvern (D:8)
  A water moccasin (D:8)
  Duvessa (D:5)
  2 ice beasts
  The ghost of LeprechaunX the Ruffian, an amateur NaMo of Cheibriados (D:4)
  6 ogres
  A centaur (D:5)
  A crocodile (D:8)
  A giant frog (D:8)
  4 big kobolds (D:8)
  Dowan (D:5)
  A scorpion (D:4)
  3 killer bees (D:8)
  2 crimson imps
  A jelly (D:8)
  2 hounds
  A centaur skeleton (D:8)
  A giant frog zombie (D:4)
  3 orc wizards
  An iguana (D:8)
  Terence (D:3)
  6 worker ants
  3 sheep (D:8)
  A killer bee zombie (D:8)
  2 worker ant zombies (D:5)
  9 gnolls
  10 adders
  2 shadow imps
  2 adder skeletons (D:4)
  3 worms (D:2)
  4 giant geckos
  13 orcs
  6 giant cockroaches
  10 goblins
  9 hobgoblins
  15 kobolds
  3 quokkas
  15 bats
  2 giant newts
  14 jackals
  A jackal skeleton (D:4)
  4 rats
177 creatures vanquished.

Vanquished Creatures (others)
  A giant cockroach (D:5)
  A plant (D:8)
2 creatures vanquished.

Grand Total: 179 creatures vanquished

Notes
Turn   | Place    | Note
--------------------------------------------------------------
     0 | D:1      | HenryFlower the Troll Berserker began the quest for the Orb.
     0 | D:1      | Reached XP level 1. HP: 22/22 MP: 0/0
    36 | D:1      | Reached XP level 2. HP: 27/29 MP: 1/1
   335 | D:1      | Reached ** piety under Trog
   465 | D:1      | Reached skill level 4 in Unarmed Combat
   522 | D:2      | Reached XP level 3. HP: 29/36 MP: 2/2
   582 | D:2      | Reached skill level 1 in Throwing
   680 | D:2      | Found an opulent altar of Gozag.
   814 | D:2      | Reached XP level 4. HP: 44/44 MP: 3/3
   995 | D:2      | Found a glowing silver altar of Zin.
  1269 | D:3      | Reached *** piety under Trog
  1374 | D:3      | Noticed Terence
  1389 | D:3      | Killed Terence
  1390 | D:3      | Reached skill level 5 in Unarmed Combat
  1396 | D:3      | Reached XP level 5. HP: 50/50 MP: 4/4
  1537 | D:3      | Found a glowing golden altar of the Shining One.
  1703 | D:3      | Found a shattered altar of Ashenzari.
  1713 | D:3      | Found a sparkling altar of Nemelex Xobeh.
  1774 | D:3      | Found a burning altar of Makhleb.
  1775 | D:3      | Found a shimmering altar of Xom.
  1960 | D:4      | Reached XP level 6. HP: 53/59 MP: 5/5
  2018 | D:4      | Reached skill level 6 in Unarmed Combat
  2264 | D:4      | Noticed LeprechaunX's ghost (amateur NaMo)
  2279 | D:4      | Killed LeprechaunX's ghost
  2279 | D:4      | Reached XP level 7. HP: 54/66 MP: 6/6
  2337 | D:4      | Reached **** piety under Trog
  2403 | D:4      | Reached skill level 7 in Unarmed Combat
  2914 | D:5      | Entered Level 5 of the Dungeon
  3144 | D:5      | Noticed Duvessa
  3154 | D:5      | Noticed Dowan
  3154 | D:5      | Killed Duvessa
  3154 | D:5      | Reached skill level 8 in Unarmed Combat
  3166 | D:5      | Killed Dowan
  3166 | D:5      | Reached XP level 8. HP: 47/74 MP: 7/7
  3262 | D:5      | Noticed Menkaure
  3266 | D:5      | Killed Menkaure
  3334 | D:5      | Reached skill level 5 in Throwing
  3361 | D:5      | Reached skill level 9 in Unarmed Combat
  3379 | D:5      | Noticed Pikel
  3401 | D:5      | Killed Pikel
  3689 | D:5      | Found a deep blue altar of Sif Muna.
  3890 | D:6      | Reached skill level 10 in Unarmed Combat
  4030 | D:6      | Found a radiant altar of Vehumet.
  4056 | D:6      | Received a gift from Trog
  4056 | D:6      | Reached XP level 9. HP: 54/80 MP: 8/8
  4098 | D:6      | You fall through a shaft for 2 floors!
  4135 | D:8      | Noticed kylecrane's ghost (novice GrGl)
  4145 | D:8      | Killed kylecrane's ghost
  4174 | D:8      | Found Xanner's Assorted Antiques.
  4188 | D:8      | Reached skill level 11 in Unarmed Combat
  4224 | D:8      | Noticed an elephant
  4237 | D:8      | Killed an elephant
  4242 | D:8      | Reached ***** piety under Trog
  4306 | D:8      | Found a staircase to the Lair.
  4396 | D:8      | Received a gift from Trog
  4501 | D:8      | Reached XP level 10. HP: 57/88 MP: 9/9
  4584 | D:8      | Reached skill level 12 in Unarmed Combat
  4602 | D:8      | Found a stormy altar of Qazlal.
  4811 | D:8      | Noticed a three-headed hydra
  4824 | D:8      | HP: 6/132 [six-headed hydra (13)]
  4824 | D:8      | Mangled by a six-headed hydra

Vault maps used:
D:1:      co_arrival_hall_of_pillars
D:2:      nicolae_overflow_crystal_walls, lemuel_crystal_altar, first_bread,
          minmay_misc_feat_doors
D:3:      grunt_temple_overflow_champion_of_chaos, lemuel_crystal_altar,
          cheibrodos_ashenzari_chains, nemelex_deck, minmay_misc_feat_alley,
          uniq_terence
D:5:      lemuel_blue_sif_altar, minmay_misc_feat_ornament, amalloy_card_club,
          uniq_menkaure, uniq_pikel, uniq_duvessa
D:6:      nicolae_overflow_hidden_temple, minmay_misc_feat_square, minivault_26,
          sigmund_edmund_badplayer
D:8:      nicolae_qazlal_eye_of_the_storm, david_lair_generic, serial_shops,
          nicolae_shop_stone, hangedman_ranch, minmay_crystal_room

Action                   |  1- 3 |  4- 6 |  7- 9 | 10-12 || total
-------------------------+-------+-------+-------+-------++-------
Melee: Unarmed           |    72 |   150 |   268 |    39 ||   529
Throw: Throwing net      |       |     1 |     1 |       ||     2
       Tomahawk          |       |       |     4 |       ||     4
       Javelin           |       |       |     4 |     5 ||     9
Invok: Berserk           |       |       |       |     1 ||     1
  Use: Scroll            |       |     4 |     3 |       ||     7
       Potion            |       |       |     1 |     1 ||     2
 Stab: Sleeping          |       |     1 |       |       ||     1
  Eat: Chunk             |    13 |    14 |    20 |     3 ||    50
